AoeStats
← akarisialo

Black Forest

510430484Analyzed
3v3 RM · 2d ago on Oct 1, 2026· 61m 41s· 6 players
Game mode
Random Map
Map size
Normal (6 player)
Population
200
Speed
Normal
Resources
Standard
Victory
Conquest
Starting age
Dark Age
Ending age
Imperial Age
RankedLock teamsTeams togetherTeam positionsShared explorationLock speedFull tech treeHidden civsTurbo modeCheats
Victory
Defeat
🇺🇸 Persians · United States
932
+10
🇺🇸 Magyars · United States
825
+14
🇺🇸 Goths · United States
629
+22
🇺🇸 Hindustanis · United States
847
-18
743
-14
🇵🇪 Cumans · Peru
743
-14
xD0NATELLOx
6:22 Loom
16:00 Feudal Age
17:20 Double-Bit Axe
17:20 Horse Collar
18:20 Wheelbarrow
18:47 Bloodlines
21:10 Scale Barding Armor
28:41 Castle Age
29:18 Light Cavalry
29:59 Husbandry
29:36 Light Cavalry
30:41 Chain Barding Armor
32:20 Heavy Plow
35:49 Bow Saw
38:20 Hand Cart
38:20 Gold Mining
56:38 Imperial Age
61:33 Hussar
maddogal
0:46 Loom
16:31 Feudal Age
21:56 Man-at-Arms
26:39 Castle Age
24:37 Gold Mining
24:37 Stone Mining
26:22 Bloodlines
27:36 Wheelbarrow
26:47 Town Watch
27:40 Wheelbarrow
26:52 Town Watch
27:39 Squires
26:59 Pikeman
28:15 Long Swordsman
28:58 Husbandry
30:48 Double-Bit Axe
30:51 Horse Collar
32:36 Elite Skirmisher
41:05 Hand Cart
40:52 Town Patrol
41:16 Forging
41:06 Scale Mail Armor
45:31 Bow Saw
45:15 Stone Mining
45:27 Heavy Plow
50:01 Iron Casting
49:41 Chain Mail Armor
54:16 Imperial Age
54:21 Two-Handed Swordsman
55:47 Perfusion
56:09 Conscription
55:16 Champion
57:15 Anarchy
60:06 Blast Furnace
59:12 Scale Barding Armor
60:43 Two-Man Saw
60:15 Crop Rotation
59:30 Cavalier
BigPaco427
7:11 Loom
13:21 Feudal Age
14:25 Double-Bit Axe
36:19 Wheelbarrow
37:47 Castle Age
36:53 Forging
38:12 Scale Barding Armor
38:49 Wheelbarrow
39:23 Iron Casting
41:06 Chain Barding Armor
42:05 Husbandry
42:41 Hand Cart
42:33 Stone Mining
43:42 Bloodlines
47:00 Bow Saw
50:37 Stone Shaft Mining
49:54 Gold Mining
52:56 Imperial Age
51:06 Fletching
51:14 Murder Holes
52:33 Bodkin Arrow
53:03 Ballistics
52:32 Horse Collar
55:30 Gold Shaft Mining
56:46 Conscription
57:00 Cavalier
58:18 Plate Barding Armor
59:03 Blast Furnace
59:05 Padded Archer Armor
59:59 Citadels
59:56 Kamandaran
61:19 Chemistry
60:27 Thumb Ring
59:48 Crossbowman
62:30 Leather Archer Armor
slaya87
0:35 Loom
12:07 Feudal Age
13:10 Double-Bit Axe
15:15 Horse Collar
20:23 Castle Age
19:22 Gold Mining
19:24 Stone Mining
21:14 Caravan
21:43 Heavy Plow
22:02 Bow Saw
23:24 Wheelbarrow
22:57 Town Watch
28:32 Fletching
31:53 Imperial Age
29:37 Padded Archer Armor
29:35 Bodkin Arrow
30:26 Sanctity
30:17 Fervor
31:27 Hand Cart
31:40 Bloodlines
31:34 Husbandry
31:53 Grand Trunk Road
33:09 Heavy Camel Rider
34:09 Forging
34:05 Scale Barding Armor
34:36 Ballistics
35:19 Chemistry
34:47 Elite Skirmisher
35:49 Imperial Camel Rider
37:15 Iron Casting
37:02 Chain Barding Armor
36:40 Light Cavalry
39:28 Two-Man Saw
37:56 Hussar
39:00 Murder Holes
39:16 Masonry
40:28 Blast Furnace
40:04 Plate Barding Armor
41:11 Fortified Wall
42:59 Conscription
43:35 Hoardings
43:09 Bracer
43:25 Leather Archer Armor
47:02 Shatagni
56:54 Ring Archer Armor
ZzzzzzCamilaVuelvePorfavor
7:28 Loom
akarisialo
0:30 Loom
12:14 Feudal Age
12:55 Double-Bit Axe
16:37 Fletching
23:00 Castle Age
25:02 Bow Saw
25:45 Horse Collar
26:15 Pikeman
31:06 Scale Barding Armor
31:13 Forging
31:48 Padded Archer Armor
32:05 Bodkin Arrow
Connection lost

Rejoining the realm…

Still unreachable

The connection could not be restored.

Session expired

The server has moved on; the page needs a fresh start.